 Dungeon Crawl Stone Soup version 0.24.0-2-g5b39cebb1c (console) character file.

Game seed: 17982002190086981644, levelgen mode: deterministic

55 Kagalorn the Grasshopper (level 3, -1/31 HPs)
             Began as a Gnoll Warper on Oct 30, 2019.
             Slain by a hobgoblin (5 damage)
             ... led by Robin
             ... on level 3 of the Dungeon.
             The game lasted 00:03:40 (1134 turns).

Kagalorn the Grasshopper (Gnoll Warper)             Turns: 1134, Time: 00:03:40

Health: -1/31      AC:  3    Str: 14    XL:     3   Next: 93%
Magic:  9/9        EV: 14    Int: 15    God:
Gold:   44         SH:  0    Dex: 14    Spells: 12/12 levels left

rFire    . . .     SeeInvis .   a - +0 spear
rCold    . . .     Gourm    .   (no shield)
rNeg     . . .     Faith    .   b - +0 leather armour
rPois    .         Spirit   .   (no helmet)
rElec    .         Reflect  .   (no cloak)
rCorr    .         Harm     .   (no gloves)
MR       .....                  (no boots)
Stlth    +.........             (no amulet)
HPRegen  0.10/turn              (no ring)
MPRegen  0.11/turn              (no ring)

@: no status effects
A: distributed training, fangs 1, strong nose
a: no special abilities


You were on level 3 of the Dungeon.
You were hungry.

You visited 1 branch of the dungeon, and saw 3 of its levels.

You collected 44 gold pieces.

Inventory:

Hand Weapons
 a - a +0 spear (weapon)
Missiles
 e - 5 boomerangs of dispersal (quivered)
 g - 29 arrows
 l - 55 stones
Armour
 b - a +0 leather armour (worn)
Jewellery
 k - an uncursed amulet of the gourmand {unknown}
Scrolls
 d - a scroll of blinking
 h - a scroll of magic mapping {unknown}
 j - a scroll of remove curse {unknown}
Comestibles
 f - 2 rations


   Skills:
 + Level 4.6 Fighting
 + Level 1.0 Short Blades
 + Level 1.0 Long Blades
 + Level 1.0 Axes
 + Level 1.0 Maces & Flails
 + Level 4.6 Polearms
 + Level 1.0 Staves
 + Level 1.0 Slings
 + Level 1.0 Bows
 + Level 1.0 Crossbows
 + Level 2.6 Throwing
 + Level 2.6 Armour
 + Level 4.6 Dodging
 + Level 1.0 Stealth
 + Level 1.0 Shields
 + Level 1.0 Unarmed Combat
 + Level 5.0 Spellcasting
 + Level 0.7 Conjurations
 + Level 0.7 Hexes
 + Level 0.7 Charms
 + Level 0.7 Summonings
 + Level 0.7 Necromancy
 + Level 5.4 Translocations
 + Level 0.7 Transmutations
 + Level 0.7 Fire Magic
 + Level 0.7 Ice Magic
 + Level 0.7 Air Magic
 + Level 0.7 Earth Magic
 + Level 0.7 Poison Magic
 + Level 1.0 Invocations
 + Level 1.0 Evocations


You had 12 spell levels left.
You didn't know any spells.
Your spell library contained the following spells:

 Spells                   Type           Power        Failure   Level  Hunger
 Blink                    Tloc           N/A          3%          2    ##.....
 Gell's Gravitas          Tloc           ###.......   6%          3    ###....
 Lesser Beckoning         Tloc           ###.......   6%          3    ###....
 Teleport Other           Tloc           ###.....     6%          3    ###....
 Shroud of Golubria       Chrm/Tloc      ##....       9%          2    ##.....
 Passage of Golubria      Tloc           N/A          22%         4    ####...


Dungeon Overview and Level Annotations

Branches:
Dungeon (3/15)

Altars:


Innate Abilities, Weirdness & Mutations

Your experience applies equally to all skills.
You have very sharp teeth.
Your uncanny sense of smell can sniff out nearby items.


Message History

The goblin no longer looks unusually strong.
You aren't carrying any potions.
There is a stone staircase leading down here.
There is a stone staircase leading down here.
The hobgoblin hits you but does no damage.
You climb downwards.
A worm and a goblin come into view.
There is a stone staircase leading up here.
Found a runed flail.
Press: ? - help, v - describe, . - travel A dispersal trap.
The goblin shouts!
Really walk into that dispersal trap?
You enter a dispersal trap!
The hobgoblin blinks!
You blink.
You see here a runed flail.
The hobgoblin hits you but does no damage.
Found a scroll labeled BIFEZERCH LEDE.
You hit the hobgoblin but do no damage. Your bite misses the hobgoblin.
The hobgoblin hits you.
You die...

....# ∆ .... ∆
########.#
#...g..w.# #
#.######)#.#
#.#...<#.#.#.#
#g#.#...w....#
#g#.#.##.#.###
#@#.....^#.#
#.###.#### #
.?# #. #### ##
∆


You could see a hobgoblin and a goblin.

Vanquished Creatures
  Robin (D:2)
  An ooze (D:1)
  A worm (D:2)
  3 dart slugs
  A bat (D:1)
  A giant cockroach (D:1)
  8 goblins
  3 hobgoblins (D:1)
  2 frilled lizards
  6 kobolds
  3 rats (D:1)
30 creatures vanquished.

Notes
Turn   | Place    | Note
-------+----------+-------------------------------------------
     0 | D:1      | Kagalorn the Gnoll Warper began the quest for the Orb.
     0 | D:1      | Reached XP level 1. HP: 20/20 MP: 6/6
   130 | D:1      | Reached XP level 2. HP: 21/26 MP: 7/7
   354 | D:1      | Reached XP level 3. HP: 19/31 MP: 9/9
   567 | D:1      | Reached skill level 5 in Spellcasting
  1038 | D:2      | Reached skill level 1 in Invocations
  1056 | D:2      | Noticed Robin
  1104 | D:2      | Killed Robin
  1104 | D:2      | Reached skill level 1 in Short Blades
  1104 | D:2      | Reached skill level 1 in Long Blades
  1104 | D:2      | Reached skill level 1 in Axes
  1104 | D:2      | Reached skill level 1 in Maces & Flails
  1104 | D:2      | Reached skill level 1 in Staves
  1104 | D:2      | Reached skill level 1 in Slings
  1104 | D:2      | Reached skill level 1 in Bows
  1104 | D:2      | Reached skill level 1 in Crossbows
  1104 | D:2      | Reached skill level 1 in Stealth
  1104 | D:2      | Reached skill level 1 in Shields
  1104 | D:2      | Reached skill level 1 in Unarmed Combat
  1104 | D:2      | Reached skill level 1 in Evocations
  1106 | D:2      | HP: 1/31 [goblin/+0 dagger[Robin] (2)]
  1134 | D:3      | Slain by a hobgoblin

Levels and vault maps discovered:
D:1:      noname_arrival_rooms_in_the_neighbourhood, layout_loops_ring
D:2:      layout_loops_ring, uniq_natasha, uniq_robin
D:3:      layout_basic, first_ration

Skill      XL: |  1  2  3 |
---------------+----------+-----
Spellcasting   | 5 |  5.0
Invocations    | 1 |  1.0
Short Blades   | 1 |  1.0
Long Blades    | 1 |  1.0
Axes           | 1 |  1.0
Maces & Flails | 1 |  1.0
Staves         | 1 |  1.0
Slings         | 1 |  1.0
Bows           | 1 |  1.0
Crossbows      | 1 |  1.0
Stealth        | 1 |  1.0
Shields        | 1 |  1.0
Unarmed Combat | 1 |  1.0
Evocations     | 1 |  1.0
Fighting       | |  4.6
Polearms       | |  4.6
Throwing       | |  2.6
Armour         | |  2.6
Dodging        | |  4.6
Conjurations   | |  0.7
Hexes          | |  0.7
Charms         | |  0.7
Summonings     | |  0.7
Necromancy     | |  0.7
Translocations | |  5.4
Transmutations | |  0.7
Fire Magic     | |  0.7
Ice Magic      | |  0.7
Air Magic      | |  0.7
Earth Magic    | |  0.7
Poison Magic   | |  0.7

Action                   || total
-------------------------++-------
Melee: Spear             ||   161
       Bite              ||    18
  Use: Potion            ||     3
Armor: Leather armour    ||    22
Dodge: Dodged            ||    85
